[Event "Serbian League Women 2024"]
[Site "Bajina Basta"]
[Date "2024.09.30"]
[Round "4.16"]
[White "Tomin, Ksenija"]
[Black "Mijic, Sara"]
[Result "0-1"]
[ECO "C26"]
[WhiteElo "2039"]
[BlackElo "1993"]
[Annotator "RC"]
[PlyCount "118"]
[EventDate "2024.09.26"]
[EventType "team-tourn"]
[EventCountry "SRB"]
[SourceTitle "playchess.com"]
[Source "ChessBase"]
[SourceQuality "1"]
[TimeControl "40/5400+30:1800+30"]

1. e4 e5 2. Nc3 Nf6 3. g3 Bc5 4. Bg2 d6 5. Nge2 O-O 6. O-O Be6 7. h3 Nc6 8. Na4 Qe7 9. Nxc5 dxc5 10. b3 a5 11. a4 Rfd8 12. d3 Ne8 13. f4 f6 14. f5 Bf7 15. g4 Nb4 16. Rf3 c4 17. bxc4 Bxc4 18. Ba3 c5 19. Qb1 Ba6 20. Kh2 Qd7 21. Nc3 Nc7 22. h4 b5 23. axb5 Nxb5 24. Bxb4 axb4 25. Nd5 Bb7 26. Rxa8 Bxa8 27. Ne3 Nd4 28. Rf2 Bc6 29. Qd1 Nb5 30. g5 Qe7 31. Ng4 Be8 32. gxf6 gxf6 33. Bf3 Kh8 34. Qg1 Bh5 35. Ne3 Bxf3 36. Rxf3 Nd4 37. Rf1 Rg8 38. Qf2 Qg7 39. Re1 Qh6 40. Rf1 Qh5 41. Kh3 Ne2 42. Re1 Rg3+ 43. Qxg3 Nxg3 44. Kxg3 Qh6 45. Nd5 Qd2 46. Ra1 Qxc2 47. Ra8+ Kg7 48. Ra7+ Kf8 49. Ra8+ Kf7 50. Ra7+ Ke8 51. Nxf6+ Kd8 52. Rxh7 b3 53. Rh8+ Kc7 54. Nd5+ Kb7 55. f6 Qxd3+ 56. Kf2 Qd2+ 57. Kg3 Qe1+ 58. Kh2 Qf2+ 59. Kh3 b2 0-1

[Event "Serbian League Women 2024"]
[Site "Bajina Basta"]
[Date "2024.09.30"]
[Round "4.17"]
[White "Chelushkina, Irina"]
[Black "Pogorelskikh, Sofia"]
[Result "0-1"]
[ECO "A07"]
[WhiteElo "2167"]
[BlackElo "2176"]
[Annotator "RC"]
[PlyCount "108"]
[EventDate "2024.09.26"]
[EventType "team-tourn"]
[EventCountry "SRB"]
[SourceTitle "playchess.com"]
[Source "ChessBase"]
[SourceQuality "1"]
[TimeControl "40/5400+30:1800+30"]

1. Nf3 d5 2. g3 g6 3. Bg2 Bg7 4. O-O e5 5. d3 Ne7 6. c4 O-O 7. cxd5 Nxd5 8. Bg5 Qd6 9. Na3 h6 10. Bd2 Nc6 11. Nc4 Qd8 12. Rb1 Nb6 13. b3 Be6 14. Qc1 Kh7 15. Bc3 Bd5 16. Rd1 Nd4 17. Qb2 Bxf3 18. Bxf3 Nd5 19. Bxd5 Qxd5 20. e4 Qd7 21. Bxd4 exd4 22. f4 b5 23. Nd2 c5 24. Nf3 Rfc8 25. Rbc1 a5 26. Qg2 a4 27. Rf1 axb3 28. axb3 Qe6 29. Nd2 Ra2 30. f5 Qe7 31. Rf2 Qg5 32. Re1 Kg8 33. fxg6 Qxg6 34. Ref1 Rc7 35. Qh3 Qg5 36. Qh4 Qxh4 37. gxh4 Rca7 38. Rg2 Rb2 39. Rff2 Ra1+ 40. Rf1 Raa2 41. Rff2 h5 42. Nf1 Rxf2 43. Rxf2 Ra3 44. Rf5 Rxb3 45. Rxc5 b4 46. Rxh5 Rxd3 47. Rb5 b3 48. Kf2 Bh6 49. Ng3 Bc1 50. Nf5 b2 51. h5 Ra3 52. Rb8+ Kh7 53. Rb7 Ra1 54. Rxf7+ Kg8 0-1

[Event "Serbian League Women 2024"]
[Site "Bajina Basta"]
[Date "2024.09.30"]
[Round "4.18"]
[White "Zherebtsova, Alexandra"]
[Black "Borisova, Ekaterina"]
[Result "0-1"]
[ECO "B44"]
[WhiteElo "2239"]
[BlackElo "2205"]
[Annotator "RC"]
[PlyCount "70"]
[EventDate "2024.09.26"]
[EventType "team-tourn"]
[EventCountry "SRB"]
[SourceTitle "playchess.com"]
[Source "ChessBase"]
[SourceQuality "1"]
[TimeControl "40/5400+30:1800+30"]

1. c4 c5 2. Nf3 Nc6 3. d4 cxd4 4. Nxd4 Nf6 5. Nc3 e6 6. Ndb5 d6 7. e4 a6 8. Na3 Be7 9. Be2 O-O 10. O-O b6 11. Be3 Bb7 12. Re1 Ne5 13. Qd4 Ned7 14. Bf3 Rc8 15. Rac1 Qc7 16. b4 Ne5 17. Na4 Nfd7 18. Red1 f5 19. Nxb6 Nxf3+ 20. gxf3 e5 21. Nxc8 exd4 22. Nxe7+ Kh8 23. Nd5 Qd8 24. Bxd4 fxe4 25. fxe4 Qh4 26. Nb1 Ne5 27. Bxe5 Qxf2+ 28. Kh1 dxe5 29. Nd2 Qd4 30. Nf1 Qxe4+ 31. Kg1 Qg4+ 32. Ng3 h5 33. Rf1 Rxf1+ 34. Kxf1 Bxd5 35. cxd5 Qf4+ 0-1

[Event "Serbian League Women 2024"]
[Site "Bajina Basta"]
[Date "2024.09.30"]
[Round "4.19"]
[White "Mihailova, Alina"]
[Black "Ibrahimova, Sabina"]
[Result "1-0"]
[ECO "E62"]
[WhiteElo "1969"]
[BlackElo "2199"]
[Annotator "RC"]
[PlyCount "129"]
[EventDate "2024.09.26"]
[EventType "team-tourn"]
[EventCountry "SRB"]
[SourceTitle "playchess.com"]
[Source "ChessBase"]
[SourceQuality "1"]
[TimeControl "40/5400+30:1800+30"]

1. d4 Nf6 2. c4 g6 3. g3 Bg7 4. Bg2 O-O 5. Nc3 d6 6. Nf3 Nc6 7. O-O e5 8. d5 Nb8 9. e4 Nbd7 10. Ne1 a6 11. Nd3 c6 12. Be3 cxd5 13. exd5 Re8 14. f3 Qc7 15. Rc1 b6 16. Ne4 Nc5 17. Ndxc5 bxc5 18. b4 Nxe4 19. fxe4 cxb4 20. Qa4 Bd7 21. Qxb4 a5 22. Qd2 a4 23. Qf2 f6 24. c5 dxc5 25. Rxc5 Qb7 26. Rfc1 Rac8 27. Bf1 Rxc5 28. Rxc5 Rc8 29. Qc2 Bf8 30. Rxc8 Qxc8 31. Qxc8 Bxc8 32. Bb5 a3 33. Kf2 f5 34. exf5 Bxf5 35. Ke2 Bb1 36. Bc4 Bd6 37. Bd2 Kf7 38. Bc3 Ke7 39. Kd2 Kf6 40. Ba5 Kg5 41. Kc3 Kf6 42. Bb4 Ke7 43. Bxd6+ Kxd6 44. Kb4 Bf5 45. Kxa3 Kc5 46. Bb3 e4 47. Kb2 Kd4 48. Kc1 e3 49. Kd1 Bg4+ 50. Ke1 Kc5 51. h4 Bf3 52. a4 Kb4 53. d6 Bg4 54. Bd1 Bd7 55. Ke2 Kc5 56. Kxe3 Kxd6 57. Kf4 h6 58. Bc2 Be8 59. a5 Kc5 60. Bd3 Kd4 61. Bf1 Bc6 62. a6 Kc5 63. Ke5 Kb6 64. Bd3 Be8 65. Kf6 1-0

[Event "Serbian League Women 2024"]
[Site "Bajina Basta"]
[Date "2024.09.30"]
[Round "4.20"]
[White "Djukic, Sandra"]
[Black "Stankovic, Andrea"]
[Result "1-0"]
[ECO "D34"]
[WhiteElo "2126"]
[BlackElo "1856"]
[Annotator "RC"]
[PlyCount "87"]
[EventDate "2024.09.26"]
[EventType "team-tourn"]
[EventCountry "SRB"]
[SourceTitle "playchess.com"]
[Source "ChessBase"]
[SourceQuality "1"]
[TimeControl "40/5400+30:1800+30"]

1. c4 Nf6 2. g3 c5 3. Bg2 e6 4. Nf3 d5 5. cxd5 exd5 6. d4 Nc6 7. O-O h6 8. b3 Be7 9. Bb2 O-O 10. Nc3 Bf5 11. dxc5 Bxc5 12. Rc1 Be7 13. Nd4 Bg6 14. Nxc6 bxc6 15. Na4 Rc8 16. Qd4 Rc7 17. Nc5 Qc8 18. Qa4 Nd7 19. Na6 Nb6 20. Qa5 Rb7 21. Nc5 Nc4 22. bxc4 Rxb2 23. cxd5 cxd5 24. Qxa7 Bxc5 25. Rxc5 Qg4 26. Bf3 Qd4 27. Ra5 Qc4 28. Qa6 Rd8 29. Kg2 Be4 30. Qxc4 Bxf3+ 31. Kxf3 dxc4 32. Rc5 Rxa2 33. Rxc4 Rdd2 34. e3 Kf8 35. Rf4 Ke7 36. g4 Ke6 37. h4 g6 38. Kg3 f5 39. Rb1 Ra5 40. Rb6+ Rd6 41. Rxd6+ Kxd6 42. h5 fxg4 43. hxg6 Ke7 44. g7 1-0

[Event "Serbian League Women 2024"]
[Site "Bajina Basta"]
[Date "2024.09.30"]
[Round "4.21"]
[White "Gaponenko, Inna"]
[Black "Garifullina, Leya"]
[Result "1/2-1/2"]
[ECO "B22"]
[WhiteElo "2324"]
[BlackElo "2438"]
[Annotator "TA"]
[PlyCount "47"]
[EventDate "2024.09.26"]
[EventType "team-tourn"]
[EventCountry "SRB"]
[SourceTitle "playchess.com"]
[Source "ChessBase"]
[SourceQuality "1"]
[TimeControl "40/5400+30:1800+30"]

1. e4 c5 2. c3 d5 3. exd5 Qxd5 4. d4 Nc6 5. Nf3 Nf6 6. Be2 cxd4 7. cxd4 e6 8. Nc3 Qd6 9. O-O Be7 10. Nb5 Qd8 11. Bf4 Nd5 12. Bg3 O-O 13. Bc4 a6 {[%emt 0:00:20] The position is equal.} 14. Bxd5 exd5 15. Nc7 Rb8 {[%emt 0:00:06] Threatens to win with ...Bd6.} 16. Ne5 Bf6 {[%emt 0:00:11] [#] White must now prevent ...Bxe5.} (16... Bf5 $5 17. Rc1 Nb4 $11) 17. Rc1 $1 Bxe5 $1 18. Bxe5 Bf5 19. Qf3 Nxe5 20. Qxf5 Nc6 21. Nxd5 Nxd4 22. Qe4 Ne2+ 23. Qxe2 Qxd5 24. Qc4 {[%emt 0:00:26] A rather calm draw.   Weighted Error Value: White=0.00 (flawless) /Black=0.01 (flawless) .  OK:         	White=7     	Black=7      Best:        	White=1     	---        Strong:       	---       	Black=1} 1/2-1/2

[Event "Serbian League Women 2024"]
[Site "Bajina Basta"]
[Date "2024.09.30"]
[Round "4.22"]
[White "Rakhmangulova, Anastasiya"]
[Black "Doluhanova, Evgeniya"]
[Result "1/2-1/2"]
[ECO "C47"]
[WhiteElo "2283"]
[BlackElo "2304"]
[Annotator "RC"]
[PlyCount "30"]
[EventDate "2024.09.26"]
[EventType "team-tourn"]
[EventCountry "SRB"]
[SourceTitle "playchess.com"]
[Source "ChessBase"]
[SourceQuality "1"]
[TimeControl "40/5400+30:1800+30"]

1. e4 e5 2. Nf3 Nc6 3. Nc3 Nf6 4. d4 exd4 5. Nxd4 Bb4 6. Nxc6 bxc6 7. Bd3 d5 8. exd5 O-O 9. O-O cxd5 10. Bg5 c6 11. Qf3 Be7 12. Rfe1 h6 13. Bxh6 gxh6 14. Qe3 Re8 15. Qxh6 Qd6 1/2-1/2

[Event "Serbian League Women 2024"]
[Site "Bajina Basta"]
[Date "2024.09.30"]
[Round "4.23"]
[White "Petronic, Sanja"]
[Black "Mandura, Tijana"]
[Result "0-1"]
[ECO "C70"]
[WhiteElo "2081"]
[BlackElo "2207"]
[Annotator "RC"]
[PlyCount "74"]
[EventDate "2024.09.26"]
[EventType "team-tourn"]
[EventCountry "SRB"]
[SourceTitle "playchess.com"]
[Source "ChessBase"]
[SourceQuality "1"]
[TimeControl "40/5400+30:1800+30"]

1. e4 e5 2. Nf3 Nc6 3. Bb5 a6 4. Ba4 Bc5 5. O-O d6 6. d4 exd4 7. Bxc6+ bxc6 8. Nxd4 Ne7 9. Bg5 f6 10. Be3 Bxd4 11. Bxd4 O-O 12. Nd2 f5 13. f4 c5 14. Bc3 Bb7 15. e5 Qe8 16. Nf3 Nd5 17. Bd2 Qg6 18. c4 Nb6 19. b3 dxe5 20. fxe5 Rad8 21. Qe2 Be4 22. Rf2 Rfe8 23. Bf4 h6 24. Rd1 Qc6 25. h4 Rxd1+ 26. Qxd1 Nd7 27. h5 Bxf3 28. Qxf3 Qe6 29. Re2 Nf6 30. Rd2 Ne4 31. Rd5 Kh8 32. Be3 c6 33. Rd1 Qxe5 34. Bc1 Nc3 35. Rf1 Ne2+ 36. Kf2 Nxc1 37. Rxc1 Qb2+ 0-1

[Event "Serbian League Women 2024"]
[Site "Bajina Basta"]
[Date "2024.09.30"]
[Round "4.24"]
[White "Eric, Jovana"]
[Black "Urosevic, Marija"]
[Result "0-1"]
[ECO "B46"]
[WhiteElo "2162"]
[BlackElo "2060"]
[Annotator "RC"]
[PlyCount "154"]
[EventDate "2024.09.26"]
[EventType "team-tourn"]
[EventCountry "SRB"]
[SourceTitle "playchess.com"]
[Source "ChessBase"]
[SourceQuality "1"]
[TimeControl "40/5400+30:1800+30"]

1. e4 c5 2. Nf3 e6 3. d4 cxd4 4. Nxd4 Nc6 5. Nc3 a6 6. Nxc6 bxc6 7. Bd3 Qc7 8. O-O Nf6 9. f4 Bb7 10. e5 Nd5 11. Ne4 c5 12. c3 Rc8 13. Qh5 g6 14. Qh3 c4 15. Bc2 h5 16. Kh1 Be7 17. Bd2 Qb8 18. Rae1 Qa8 19. b3 a5 20. bxc4 Rxc4 21. Bd3 Ra4 22. Bb1 Nb6 23. Nf6+ Bxf6 24. exf6 Bd5 25. Rf2 Nc4 26. Bc1 Qb7 27. Bd3 Qb6 28. Rfe2 Qd6 29. Rd1 Qc5 30. Qh4 Nd6 31. Bb1 Nf5 32. Qf2 Qxf2 33. Rxf2 O-O 34. Rb2 h4 35. Kg1 Rc8 36. Bd2 Nd6 37. Be1 Nc4 38. Re2 h3 39. Be4 Bxe4 40. Rxe4 hxg2 41. Rxd7 Rxa2 42. Rd3 a4 43. Rdd4 Nb6 44. Rb4 Nd5 45. Rxa4 Rc2 46. Ra1 Nxf6 47. Rd4 Nd5 48. Rd2 Rxd2 49. Bxd2 Nxc3 50. Kxg2 Nd5 51. Ra2 Kg7 52. Kf3 Rc4 53. Ra1 Rc2 54. Rd1 Kf6 55. Kg3 Kf5 56. h3 Nc3 57. Bxc3 Rxc3+ 58. Kg2 Rc4 59. Kg3 Rxf4 60. Rb1 e5 61. Rc1 f6 62. Ra1 g5 63. Rb1 e4 64. Rb5+ Kg6 65. Rb2 Rf3+ 66. Kg2 Kf5 67. Rb6 Ke5 68. Ra6 f5 69. Ra2 Kf4 70. Rb2 g4 71. hxg4 Kxg4 72. Ra2 Rb3 73. Kf2 f4 74. Rc2 e3+ 75. Kf1 f3 76. Rc4+ Kg3 77. Rc1 Rb2 0-1